 Dungeon Crawl Stone Soup version 0.29-a0-303-ge4682ce883 (webtiles) character file.

Game seed: 3647598659423253269

20 Gargoyl the Skirmisher (level 2, -1/20 HPs)
             Began as a Gargoyle Abyssal Knight on Mar 25, 2022.
             Was a Believer of Lugonu.
             Slain by a gnoll
             ... wielding a +0 spear
              (2 damage)
             ... on level 1 of the Dungeon.
             The game lasted 00:01:28 (1477 turns).

Gargoyl the Skirmisher (Gargoyle Abyssal Knight)    Turns: 1477, Time: 00:01:29

Health: -1/20      AC:  6    Str: 16    XL:     2   Next: 79%
Magic:  3/3        EV: 11    Int: 10    God:    Lugonu [**....]
Gold:   64         SH:  0    Dex: 10    Spells: 1/1 levels left

rFire   . . .      SeeInvis .   a - +1 hand axe
rCold   . . .      Faith    .   (no shield)
rNeg    + . .      Spirit   .   b - +0 leather armour
rPois   ∞          Reflect  .   (no helmet)
rElec   +          Harm     .   (no cloak)
rCorr   .          Rampage  .   (no gloves)
Will    .....                   (no boots)
Stlth   +.........              (no amulet)
HPRegen 0.06/turn               (no ring)
MPRegen 0.08/turn               (no ring)

@: no status effects
A: sickness immunity, AC +2, negative energy resistance 1, electricity
resistance, torment resistance 1, petrification resistance
a: Renounce Religion, Depart the Abyss, Bend Space


You were on level 1 of the Dungeon.
You worshipped Lugonu.
Lugonu was pleased with you.
You visited 1 branch of the dungeon, and saw 2 of its levels.
You visited the Abyss 1 time.

You collected 64 gold pieces.

Inventory:

Hand Weapons
 a - a +1 hand axe (weapon)
Armour
 b - a +0 leather armour (worn)


   Skills:
 + Level 3.9 Fighting
 + Level 2.0 Axes
 + Level 2.2 Armour
 + Level 0.8 Dodging
 + Level 2.3 Invocations


You had one spell level left.
You didn't know any spells.
Your spell library was empty.

Dungeon Overview and Level Annotations

Branches:
Dungeon (2/15)

Altars:


Innate Abilities, Weirdness & Mutations

You are immune to sickness and miasma.
Your stone body is resilient. (AC +2)
You are immune to poison.
You resist negative energy. (rN+)
You are resistant to electric shocks. (rElec)
You are resistant to unholy torment.
You are immune to petrification.


Message History

You see here a ball python corpse.
You see here 10 stones.
There is a stone staircase leading up here.
The gnoll misses you.
You climb upwards.
There is a stone staircase leading down here.
You start resting.
HP restored.
You climb downwards.
The gnoll completely misses you. The gnoll hits you with a +0 spear.
There is a stone staircase leading up here.
The gnoll hits you with a +0 spear.
You climb upwards.
There is a stone staircase leading down here.
You hit the gnoll but do no damage. The gnoll hits you with a +0 spear.
You barely miss the gnoll. The gnoll closely misses you.
You hit the gnoll.
The gnoll is moderately wounded.
The gnoll hits you with a +0 spear.
You closely miss the gnoll.
The gnoll is moderately wounded.
The gnoll barely misses you.
You barely miss the gnoll.
The gnoll is moderately wounded.
The gnoll hits you with a +0 spear.
* * * LOW HITPOINT WARNING * * *
The gnoll barely misses you.
You barely miss the gnoll.
The gnoll is moderately wounded.
The gnoll barely misses you.
You barely miss the gnoll.
The gnoll is moderately wounded.
The gnoll hits you with a +0 spear.
* * * LOW HITPOINT WARNING * * *
You aren't carrying any potions.
You aren't carrying any scrolls.
You closely miss the gnoll.
The gnoll is moderately wounded.
The gnoll hits you with a +0 spear.
You die...

...............#####.####
############...# #.#
..........##...# #.#
#########.##...# #.#
........#†##...# #.#
#######.#.####.## #.#
##...##.#.# #...# #.#
........#.# #.#g## #.#
##.#.#..#.###.##@# #.#
.#.#########P.P#.###.#
...#....####≈.≈##.#..#
##.#.♣.♣.##≈≈.≈≈###.##
...#.....P≈≈≈.≈≈≈P#.#
####..8..........†..#
...#.....P≈≈≈.≈≈≈P###
####.♣.♣.##≈≈.≈≈###
#....####≈.≈##


You could see a gnoll.

Vanquished Creatures
  2 ball pythons
  6 giant cockroaches
  A hobgoblin (D:1)
  2 quokkas (D:1)
  2 bats (D:1)
  A frilled lizard (D:1)
  2 kobolds (D:1)
  2 rats
18 creatures vanquished.

Notes
Turn   | Place    | Note
-------+----------+-------------------------------------------
     0 | Abyss:1  | Gargoyl the Gargoyle Abyssal Knight began the quest for the
                  | Orb.
     0 | Abyss:1  | Reached XP level 1. HP: 14/14 MP: 2/2
     0 | D:1      | Escaped the Abyss
   286 | D:1      | Reached ** piety under Lugonu
   288 | D:1      | Reached XP level 2. HP: 20/20 MP: 3/3
  1162 | D:2      | HP: 1/20 [gnoll/+0 spear (6)]
  1476 | D:1      | HP: 1/20 [gnoll/+0 spear (4)]
  1477 | D:1      | Slain by a gnoll

Illustrated notes

Levels and vault maps discovered:
D:1:      mushboom_english_gardens, layout_basic, dreamdust_princess_bridge,
          chequers_serial_rivers_micro_c
D:2:      layout_basic, bh_walls_and_bars

Skill      XL: |  1  2 |
---------------+-------+-----
Axes           | 2 |  2.0
Fighting       | |  3.9
Armour         | |  2.2
Dodging        | |  0.8
Invocations    | |  2.3

Action                   || total
-------------------------++-------
Melee: Hand axe          ||    48
Invok: Depart the Abyss  ||     1
  Use: Scroll            ||     3
Armor: Leather armour    ||    20
Dodge: Dodged            ||    32

Table legend: (Time is in decaauts)
 A = Elapsed time spent in this place.
 B = Non-inter-level travel time spent in this place.
 C = Inter-level travel time spent in this place.
 D = Time resting spent in this place.
 E = Time spent auto-exploring this place.
 F = Levels seen in this place.
 G = Mean time per level.
                   A        B        C        D        E       F      G
               +--------+--------+--------+--------+--------+-----+--------+
         Total |   1489 |   1435 |     54 |    259 |    956 |   3 |  496.3 |
       Dungeon |   1489 |   1435 |     54 |    259 |    956 |   2 |  744.5 |
         Abyss |      0 |      0 |      0 |      0 |      0 |   1 |    0.0 |
               +--------+--------+--------+--------+--------+-----+--------+

Top non-repeatable levels by time:
     D:1: 1338 daAuts
     D:2: 150 daAuts
